 Dungeon Crawl Stone Soup version 0.20.0-8-g6b59dc7 (webtiles) character file.

1091 JarielCorvus the Thaumaturge (level 8, -2/41 HPs)
             Began as a Deep Elf Wizard on June 1, 2017.
             Was an Initiate of Vehumet.
             Slain by a hound (5 damage)
             ... on level 5 of the Dungeon.
             The game lasted 00:25:08 (7277 turns).

JarielCorvus the Thaumaturge (Deep Elf Wizard)      Turns: 7277, Time: 00:25:08

Health: -2/41      AC:  3    Str:  4      XL:     8   Next: 9%
Magic:  17/24      EV: 12    Int: 27 (32) God:    Vehumet [......]
Gold:   237        SH:  0    Dex: 10 (13) Spells: 16/27 levels left

rFire    + . .     SeeInvis +   m - +0 dagger
rCold    . . .     Gourm    .   (no shield)
rNeg     . . .     Faith    .   t - +0 robe of the Queen {rF+ Int+4 SInv}
rPois    .         Spirit   .   b - +0 hat
rElec    .         Reflect  .   (no cloak)
rCorr    .         Harm     .   e - +0 pair of gloves
MR       .....                  (no boots)
Stlth    +.........             (no amulet)
Regen    0.2/turn               k - ring of wizardry
MPRegen  0.2/turn               (no ring)

@: confused
A: large bone plates 1, clever 1, deterioration 1
a: Renounce Religion


You were on level 5 of the Dungeon.
You worshipped Vehumet.
Vehumet was noncommittal.
You were not hungry.

You visited 2 branches of the dungeon, and saw 7 of its levels.

You collected 237 gold pieces.

Inventory:

Hand Weapons
 m - a +0 dagger (weapon)
 r - a +0 rapier
 s - a +0 rapier
Armour
 a - a +0 robe
 b - a +0 hat (worn)
 e - a +0 pair of gloves (worn)
 f - a +2 robe
 t - the +0 robe of the Queen (worn) {rF+ Int+4 SInv}
   (You found it on level 5 of the Dungeon)

   It affects your intelligence (+4).
   It protects you from fire.
   It lets you see invisible.
Jewellery
 k - a ring of wizardry (left hand)
Wands
 g - a wand of random effects (29/48)
 j - a wand of lightning (8/15)
 l - a wand of digging (15/24)
Scrolls
 o - a scroll of amnesia
Potions
 u - a potion of flight
Books
 c - a book of Minor Magic

   Spells                             Type                      Level
   a - Magic Dart                     Conjuration                  1
   b - Blink                          Translocation                2
   c - Call Imp                       Summoning                    2
   d - Slow                           Hexes                        2
   e - Conjure Flame                  Conjuration/Fire             3
   f - Mephitic Cloud                 Conjuration/Poison/Air       3
Comestibles
 h - 3 royal jellies
 i - a bread ration
 q - a meat ration


   Skills:
 - Level 2.4 Dodging
 - Level 2.4 Stealth
 - Level 10.2 Spellcasting
 * Level 6.6 Conjurations
 - Level 1.1 Summonings
 - Level 1.1 Translocations
 + Level 1.6 Fire Magic


You had 16 spell levels left.
You knew the following spells:

 Your Spells              Type           Power        Failure   Level  Hunger
a - Magic Dart            Conj           ####         1%          1    None
b - Blink                 Tloc           N/A          1%          2    None
c - Call Imp              Summ           ###.....     1%          2    None
d - Conjure Flame         Conj/Fire      #####...     1%          3    None
e - Mephitic Cloud        Conj/Pois/Air  ####....     1%          3    None


Dungeon Overview and Level Annotations

Branches:
Dungeon (6/15)             Temple (1/1) D:4

Altars:
Ashenzari
Cheibriados
Dithmenos
Elyvilon
Fedhas
Gozag
Hepliaklqana
Kikubaaqudgha
Makhleb
Nemelex Xobeh
Okawaru
Qazlal
Ru
Sif Muna
Trog
Uskayaw
Vehumet
Xom
Yredelemnul
Zin
The Shining One

Annotations:
D:5 Duvessa


Innate Abilities, Weirdness & Mutations

You are partially covered in large bone plates. (SH +4)
Your mind is acute. (Int +2)
Your body sometimes deteriorates upon taking damage.


Message History

Casting: Blink
Confirm with . or Enter, or press ? or * to list all spells.
You blink.
The worker ant closely misses you. The bullfrog hits you.
* * * LOW HITPOINT WARNING * * *
The hound bites you.
* * * LOW HITPOINT WARNING * * *
The worker ant barely misses you.
Casting: Blink
Confirm with . or Enter, or press ? or * to list all spells.
You blink.
The bullfrog hits you but does no damage.
The bullfrog closely misses you. The worker ant misses you.
The hound completely misses you. The hound barely misses you.
Sif Muna's wrath finds you.
You are confused.
You closely miss the bullfrog. The bullfrog hits you.
* * * LOW HITPOINT WARNING * * *
The hound bites you.
You die...

#........#.#...
#.#####....###.
####.#.###....###.
#.................
#..#.#.#.#...####.
#e...#.#.######...
#####.####.#...####.#.
#...a>................
#...F@.#######.###....
#...h..# #.#......
#......# ####.#..#...
#......# #....##.#..#
#......# #..........#
######## #....#.###.#
#....#......
#....#####.#
######....# #.#


You could see Duvessa, a bullfrog, a hound and a worker ant.

Vanquished Creatures
  Eustachio (D:4)
  An ice beast (D:5)
  2 centaurs (D:5)
  A water moccasin skeleton (D:4)
  Dowan (D:5)
  A scorpion (D:5)
  A howler monkey (D:5)
  The ghost of JarielCorvus the Grave Robber, a weakling DENe (D:3)
  A bullfrog zombie (D:5)
  A hound (D:4)
  2 orc priests (D:5)
  2 worker ants
  10 gnolls
  11 adders
  3 river rats (D:4)
  3 worms
  A dart slug (D:3)
  3 leopard geckos
  8 orcs
  6 bats
  6 giant cockroaches
  9 goblins
  15 hobgoblins
  7 jackals (D:3)
  3 quokkas
  A ball python (D:3)
  5 frilled lizards
  A jackal zombie (D:5)
  11 kobolds
  3 leopard gecko skeletons (D:4)
  A leopard gecko zombie (D:5)
  9 rats
131 creatures vanquished.

Vanquished Creatures (collateral kills)
  An adder (D:3)
1 creature vanquished.

Grand Total: 132 creatures vanquished

Notes
Turn   | Place    | Note
-------+----------+-------------------------------------------
     0 | D:1      | JarielCorvus the Deep Elf Wizard began the quest for the Orb.
     0 | D:1      | Reached XP level 1. HP: 10/10 MP: 7/7
   368 | D:1      | Reached XP level 2. HP: 9/15 MP: 2/9
   514 | D:1      | Reached skill level 5 in Spellcasting
   520 | D:1      | Learned a level 2 spell: Blink
   523 | D:1      | Learned a level 2 spell: Call Imp
  1059 | D:2      | Reached XP level 3. HP: 19/19 MP: 8/11
  1225 | D:2      | Noticed an earth elemental
  1227 | D:2      | Found a stormy altar of Qazlal.
  1228 | D:2      | Noticed a water elemental
  1607 | D:2      | Reached XP level 4. HP: 24/24 MP: 9/13
  1617 | D:2      | Noticed an air elemental
  1617 | D:2      | Noticed a fire elemental
  1651 | D:2      | Found a hide-covered altar of Uskayaw.
  1701 | D:2      | Reached skill level 6 in Spellcasting
  1941 | D:2      | Learned a level 3 spell: Conjure Flame
  1945 | D:2      | Learned a level 3 spell: Mephitic Cloud
  2066 | D:3      | Noticed JarielCorvus's ghost (weakling DENe)
  2096 | D:3      | Killed JarielCorvus's ghost
  2096 | D:3      | Reached XP level 5. HP: 12/28 MP: 5/16
  2571 | D:3      | Found a deep blue altar of Sif Muna.
  2632 | D:3      | Reached skill level 7 in Spellcasting
  3184 | D:3      | Became a worshipper of Sif Muna the Loreminder
  3691 | D:4      | Found an iron altar of Okawaru.
  3726 | D:4      | Reached XP level 6. HP: 21/32 MP: 9/18
  3800 | D:4      | Noticed Eustachio
  4072 | D:4      | Killed Eustachio
  4072 | D:4      | Reached skill level 8 in Spellcasting
  4118 | D:4      | Found a staircase to the Ecumenical Temple.
  4133 | Temple   | Entered the Ecumenical Temple
  4166 | Temple   | Fell from the grace of Sif Muna
  4166 | Temple   | Became a worshipper of Vehumet
  4364 | D:4      | Found a snail-covered altar of Cheibriados.
  4524 | D:4      | Reached XP level 7. HP: 36/36 MP: 14/21
  4655 | D:4      | Reached skill level 9 in Spellcasting
  5060 | D:4      | Gained mutation: Your body sometimes deteriorates upon taking damage. [potion of mutation]
  5060 | D:4      | Gained mutation: Your mind is acute. (Int +2) [potion of mutation]
  5060 | D:4      | Gained mutation: You are partially covered in large bone plates. (SH +4) [potion of mutation]
  5115 | D:5      | Entered Level 5 of the Dungeon
  5426 | D:5      | Reached skill level 5 in Conjurations
  5532 | D:5      | Found a shimmering altar of Xom.
  5965 | D:5      | Reached skill level 10 in Spellcasting
  6132 | D:5      | Got a ripped robe
  6347 | D:5      | Identified the +0 robe of the Queen {rF+ Int+4 SInv} (You found it on level 5 of the Dungeon)
  6427 | D:5      | Noticed Dowan
  6429 | D:5      | Noticed Duvessa
  6510 | D:5      | Killed Dowan
  6877 | D:5      | Reached skill level 1 in Fire Magic
  6877 | D:5      | Reached XP level 8. HP: 41/41 MP: 16/24
  7277 | D:5      | Slain by a hound

Skill      XL: |  1  2  3  4  5  6  7 |
---------------+----------------------+-----
Spellcasting   | 5 6 7 8 10 | 10.2
Conjurations   | 2 3 4 6 |  6.6
Fire Magic     | 1 |  1.6
Dodging        | |  2.4
Stealth        | |  2.4
Summonings     | |  1.1
Translocations | |  1.1

Action                   |  1- 3 |  4- 6 |  7- 9 || total
-------------------------+-------+-------+-------++-------
Melee: Dagger            |       |    12 |    44 ||    56
 Cast: Magic Dart        |   100 |   172 |   144 ||   416
       Mephitic Cloud    |       |     9 |    12 ||    21
       Conjure Flame     |       |     1 |     3 ||     4
       Call Imp          |       |     2 |     2 ||     4
       Blink             |       |       |     3 ||     3
  Use: Scroll            |     3 |     4 |     5 ||    12
       Potion            |       |     5 |     8 ||    13
 Stab: Confused          |       |       |     1 ||     1
  Eat: Chunk             |     1 |     1 |       ||     2
       Bread ration      |       |     1 |     2 ||     3
       Meat ration       |       |     1 |       ||     1
Armor: Robe              |     2 |     7 |    16 ||    25
Dodge: Dodged            |    11 |    39 |    70 ||   120
Block: Other             |       |       |     8 ||     8
